 Dungeon Crawl Stone Soup version 0.28.0 (webtiles) character file.

Game seed: 606061763189099998

107 vineage the Skirmisher (level 4, -1/39 (40) HPs)
             Began as a Demonspawn Gladiator on Feb 9, 2022.
             Slain by Crazy Yiuf (7 damage)
             ... while paralysed by Crazy Yiuf
             ... on level 2 of the Dungeon.
             The game lasted 00:02:01 (2839 turns).

vineage the Skirmisher (Demonspawn Gladiator)       Turns: 2839, Time: 00:02:01

HP:   -1/39 (40)    AC:  4    Str: 16    XL:     4   Next: 57%
MP:   4/4           EV:  2    Int: 12    God:
Gold: 97            SH:  0    Dex: 14    Spells: 3/3 levels left

rFire   . . .      SeeInvis .   a - +0 flail
rCold   . . .      Faith    .   (no shield)
rNeg    . . .      Spirit   .   b - +0 leather armour
rPois   .          Reflect  .   c - +0 helmet
rElec   .          Harm     .   (no cloak)
rCorr   .          Rampage  .   (no gloves)
Will    .....                   (no boots)
Stlth   +.........              (no amulet)
HPRegen 0.13/turn               (no ring)
MPRegen 0.09/turn               (no ring)

@: paralysed, lightly drained
A: claws 1, hooves 1, clever 1, robust 1
a: no special abilities


You were on level 2 of the Dungeon.
You visited 1 branch of the dungeon, and saw 2 of its levels.

You collected 97 gold pieces.

Inventory:

Hand Weapons
 a - a +0 flail (weapon)
Missiles
 d - 3 throwing nets (quivered)
Armour
 b - a +0 leather armour (worn)
 c - a +0 helmet (worn)
Jewellery
 e - a ring of willpower
Scrolls
 f - a scroll of identify {unknown}
Potions
 g - a potion of curing


   Skills:
 * Level 4.1 Fighting
 + Level 3.5 Maces & Flails
 - Level 1.7 Throwing
 - Level 2.6 Dodging


You had 3 spell levels left.
You didn't know any spells.
Your spell library was empty.

Dungeon Overview and Level Annotations

Branches:
Dungeon (2/15)

Altars:

Shops:
D:2 !

Annotations:
D:2 Crazy Yiuf


Innate Abilities, Weirdness & Mutations

You have sharp fingernails.
You have large cloven feet.
Your mind is acute. (Int +2)
You are robust. (+10% HP)


Message History

Crazy Yiuf shouts!
You open the door.
There is an open door here.
Found a stone staircase leading up.
You open the door.
There is an open door here.
Things that are here:
a +0 club; a +0 robe You open the door.
There is an open door here.
Found an escape hatch in the ceiling.
There is an open door here.
You see here a +0 whip.
There is an open door here.
There is an open door here.
There is an open door here.
There is an open door here.
Things that are here:
a +0 club; a +0 robe Crazy Yiuf shouts!
Crazy Yiuf screams, "East agre arga!"
No reachable target in view!
As you open the door, it creaks loudly!
You barely miss Crazy Yiuf. Your kick misses Crazy Yiuf.
Crazy Yiuf hits you with a +4 quarterstaff of chaos!
You feel drained.
You hit Crazy Yiuf. You kick Crazy Yiuf.
Crazy Yiuf is heavily wounded.
Crazy Yiuf grits, "You infinity chair!"
Crazy Yiuf hits you with a +4 quarterstaff of chaos!
Crazy Yiuf freezes you.
You hit Crazy Yiuf.
Crazy Yiuf is severely wounded.
Crazy Yiuf cries, "You leg down broken song, no?"
Crazy Yiuf hits you with a +4 quarterstaff of chaos!
* * * LOW HITPOINT WARNING * * *
You suddenly lose the ability to move!
Crazy Yiuf cries, "You leg down broken song, no?"
Crazy Yiuf hits you with a +4 quarterstaff of chaos!
You die...

####....##.####..### #.#
...+....'.....>....# #.#
####....##.......#.# #.#
.# ####.############ ###
## #.# ##### .######.##
#...# .........# ###
♣♣####.# .######..#
#)..#♣♣ ♣♣..#.#.# .# #..#
#...g@♣♣♣♣.......## .#
#..# #...#♣..♣.......[.#
.# #..# ###
♣♣♣.♣...#.#.## .## #..#
♣♣♣♣♣####.# ..# #..# #.#
..# #..# ### ### #.#
#.#####.########'# #.#
#.#
#.....#.#........######.#
#.#
#.....#.#.######....<##.#
#.#


You could see Crazy Yiuf.

Vanquished Creatures
  Jessica (D:2)
  Robin (D:2)
  An adder (D:2)
  4 ball pythons (D:1)
  2 endoplasms
  3 giant cockroaches (D:1)
  10 hobgoblins
  11 jackals
  A quokka (D:1)
  5 bats
  3 frilled lizards
  7 goblins
  3 kobolds
  3 rats
55 creatures vanquished.

Notes
Turn   | Place    | Note
-------+----------+-------------------------------------------
     0 | D:1      | vineage the Demonspawn Gladiator began the quest for the
                  | Orb.
     0 | D:1      | Reached XP level 1. HP: 16/16 MP: 1/1
   345 | D:1      | Discovered your monstrous ancestry.
   345 | D:1      | Gained mutation: You have large cloven feet. [demonic
                  | ancestry]
   345 | D:1      | Reached XP level 2. HP: 18/23 MP: 2/2
   746 | D:1      | Reached skill level 3 in Fighting
   847 | D:1      | Gained mutation: You have sharp fingernails. [demonic
                  | ancestry]
   847 | D:1      | Reached XP level 3. HP: 25/29 MP: 3/3
  1781 | D:2      | Noticed Robin
  1785 | D:2      | Gained mutation: You are robust. (+10% HP) [potion of
                  | mutation]
  1785 | D:2      | Gained mutation: Your mind is acute. (Int +2) [potion of
                  | mutation]
  1791 | D:2      | Killed Robin
  1792 | D:2      | Reached XP level 4. HP: 29/40 MP: 4/4
  2034 | D:2      | Found Urigefon's Distillery.
  2038 | D:2      | Noticed Jessica
  2055 | D:2      | Killed Jessica
  2056 | D:2      | Reached skill level 4 in Fighting
  2433 | D:2      | Found a runed translucent door.
  2434 | D:2      | Noticed Crazy Yiuf
  2838 | D:2      | Paralysed by Crazy Yiuf for 4 turns
  2839 | D:2      | Slain by Crazy Yiuf

Illustrated notes

Levels and vault maps discovered:
D:1:      ebering_trefoil_twist, layout_rooms
D:2:      layout_basic, serial_shops, nicolae_shop_waterfront,
          uniq_crazy_yiuf_cottage, uniq_jessica, uniq_robin

Skill      XL: |  1  2  3  4 |
---------------+-------------+-----
Maces & Flails | 3 |  3.5
Fighting       | 3 4 |  4.1
Throwing       | |  1.7
Dodging        | |  2.6

Action                   |  1- 3 |  4- 6 || total
-------------------------+-------+-------++-------
Melee: Flail             |   132 |    25 ||   157
       Kick              |    19 |    10 ||    29
       Punch             |     1 |     1 ||     2
  Use: Potion            |     2 |       ||     2
       Scroll            |     1 |       ||     1
Armor: Leather armour    |    80 |     2 ||    82
Dodge: Dodged            |   116 |    18 ||   134
